 Seeded DCSS version 0.29-a0-810-g3812dd5 (webtiles) character file.

Game seed: 9102593981248656609 (custom seed)

4512 brinewave the Fighter (level 10, 0/103 HPs)
             Began as a Naga Gladiator on July 3, 2022.
             Was a Believer of Cheibriados.
             Succumbed to a killer bee's poison
             ... on level 8 of the Dungeon.
             The game lasted 00:42:10 (12412 turns).

brinewave the Fighter (Naga Gladiator)             Turns: 12412, Time: 00:42:10

Health: 0/103      AC: 12    Str: 25    XL:     10   Next: 39%
Magic:  12/12      EV:  5    Int: 13    God:    Cheibriados [**....]
Gold:   1075       SH:  0    Dex: 19    Spells: 9/9 levels left

rFire   + . .      SeeInvis +   p - +2 falchion (protect)
rCold   . . .      Faith    .   (no shield)
rNeg    . . .      Spirit   .   F - +1 plate armour {rF+}
rPois   +          Reflect  .   c - +2 helmet
rElec   .          Harm     .   (no cloak)
rCorr   .          Rampage  .   (no gloves)
Will    +....                   (no barding)
Stlth   ..........              h - amulet of magic regeneration
HPRegen 0.27/turn               (no ring)
MPRegen 0.53/turn               (no ring)

@: lethally poisoned (0 -> -13), invisible, very slow
A: AC +3, large, see invisible, deformed body, poison resistance, slowness 2,
spit poison 1, naga tail 1
a: Spit Poison, Renounce Religion, Bend Time


You were on level 8 of the Dungeon.
You worshipped Cheibriados.
Cheibriados was pleased with you.
You visited 2 branches of the dungeon, and saw 10 of its levels.

You collected 1525 gold pieces.
You spent 450 gold pieces at shops.

Inventory:

Hand Weapons
 a - a +0 long sword
 i - a +0 trident
 o - a +0 dagger
 p - a +2 falchion of protection (weapon)
 q - a +1 flail of protection
 w - a +2 flail of holy wrath
 y - the +2 dagger of Superiority {distort, Drain rC+ Dex+4}
   (You found it on level 2 of the Dungeon)

   It warps and distorts space around it, and may blink, banish, or inflict
   extra damage upon those it strikes.
   Unwielding it can cause banishment or high damage.
   Dex:       It affects your dexterity (+4).
   rC:        It protects you from cold.
   Drain:     It drains your maximum health when unequipped.
 D - a +1 falchion of holy wrath
 M - a +4 long sword
 R - a +0 sling
 T - the +8 executioner's axe "Homewk" {drain, rElec rF+ Will+}
   (You acquired it on level 8 of the Dungeon)

   A truly terrible weapon, it drains the life of any living foe it strikes.
   rF:        It protects you from fire.
   rElec:     It insulates you from electricity.
   Will:      It increases your willpower.
Missiles
 g - 3 boomerangs (quivered)
 j - 59 stones
 n - a javelin
 t - 5 atropa-tipped darts
 H - 51 poisoned darts
Armour
 b - a +0 scale mail
 c - a +2 helmet (worn)
 e - +0 acid dragon scales
 f - a +3 leather armour
 s - a +0 ring mail
 F - a +1 plate armour of fire resistance (worn)
 L - a +2 leather armour of cold resistance
 N - +0 steam dragon scales
 P - the +1 robe "Bucvuxzeeg" {rN++ Str-3}
   (You found it on level 8 of the Dungeon)

   Str:       It affects your strength (-3).
   rN:        It greatly protects you from negative energy.
Jewellery
 h - an amulet of magic regeneration (around neck)
 J - an amulet of guardian spirit
Wands
 A - a wand of digging (11)
 G - a wand of flame (27)
Scrolls
 k - a scroll of brand weapon
 l - 2 scrolls of teleportation
 v - a scroll of fog {unknown}
 z - a scroll of poison
 B - a scroll of magic mapping
 C - a scroll of fear {unknown}
 E - a scroll of silence {unknown}
 O - a scroll of identify
 S - a scroll of summoning {unknown}
Potions
 d - a potion of haste
 m - a potion of resistance
 r - a potion of heal wounds {unknown}
 u - a potion of brilliance
 I - 3 potions of berserk rage
 K - a potion of ambrosia
 Q - a potion of curing {unknown}


   Skills:
 + Level 10.8 Fighting
 - Level 7.6 Long Blades
 + Level 2.0 Axes
 - Level 1.7 Throwing
 - Level 2.4 Dodging
 + Level 10.3 Stealth
 + Level 3.3 Invocations


You had 9 spell levels left.
You didn't know any spells.
Your spell library contained the following spells:

 Spells                   Type           Power      Damage    Failure   Level
 Sandblast                Erth           0%         2d4       99%         1
 Passwall                 Tmut/Erth      0%         N/A       100%        2
 Static Discharge         Conj/Air       0%         3-3/arc   100%        2
 Stone Arrow              Conj/Erth      0%         3d7       100%        3
 Dispel Undead            Necr           0%         3d6       100%        4
 Sticky Flame             Conj/Fire      0%         2d3       100%        4


Dungeon Overview and Level Annotations

Branches:
Dungeon (9/15)             Temple (1/1) D:5            Lair (0/6) D:8
    Orc: D:9-12

Altars:
Ashenzari
Cheibriados
Dithmenos
Elyvilon
Fedhas
Hepliaklqana
Kikubaaqudgha
Makhleb
Nemelex Xobeh
Okawaru
Qazlal
Ru
Sif Muna
Trog
Uskayaw
Vehumet
Wu Jian
Xom
Zin

Shops:
D:9 *


Innate Abilities, Weirdness & Mutations

Your serpentine skin is tough. (AC +3)
You have supernaturally acute eyesight. (SInv)
Armour fits poorly on your strangely shaped body.
Your system is resistant to poisons. (rPois)
You cover ground very slowly.
You can spit poison.
You have a snake-like lower body.


Message History

* * * LOW HITPOINT WARNING * * *
You are more poisoned.
The killer bee poisons you! The killer bee barely misses you.
The killer bee stings you but does no damage. x2
The killer bee barely misses you. x2
The killer bee stings you but does no damage.
The killer bee stings you.
* * * LOW HITPOINT WARNING * * *
The killer bee stings you but does no damage.
You fade into invisibility!
You feel very sick.
The killer bee stings you but does no damage.
The killer bee stings you.
* * * LOW HITPOINT WARNING * * *
The killer bee stings you.
* * * LOW HITPOINT WARNING * * *
The killer bee stings you but does no damage. x2
The killer bee closely misses you. The killer bee barely misses you.
* * * LOW HITPOINT WARNING * * *
You feel very sick. The killer bee barely misses you. x2
The killer bee stings you but does no damage.
The killer bee barely misses you. The killer bee stings you.
* * * LOW HITPOINT WARNING * * *
The killer bee stings you but does no damage.
The killer bee barely misses you.
The killer bee stings you but does no damage.
There is a stone staircase leading up, spattered with blood here.
* * * LOW HITPOINT WARNING * * *
You feel sick.
The killer bee stings you but does no damage.
The killer bee stings you.
* * * LOW HITPOINT WARNING * * *
You are more poisoned.
The killer bee poisons you! The killer bee stings you.
* * * LOW HITPOINT WARNING * * *
The killer bee stings you but does no damage. x2
The killer bee closely misses you. The killer bee barely misses you.
You climb upwards.
You die...

###.###.......# #...#.#
#.............# #...#.#####
#.#.####......# #...#.....###
#.#.#####.##### #...#.###...#
#.#.......########...#.# ##''##
#.##########.......÷.#.###≈§.≈##
#....................#.##≈≈..≈§##
############.#####y###.#≈≈≈.≈≈≈≈#
...............y@y...#.'...⌠.§..'
.###########.###y#.#.#.'.§≈.⌠...'
.# ###.#.#.......#≈≈≈≈.≈§≈#
######## #.....#.#...####≈§§.≈§##
.......###..##############≈..≈###
.......'_#...............##''##..
.......###...###########.....###.
##########.#.# ####### #. .#
#.....###################.


You could see 4 killer bees.

Vanquished Creatures
  Maggie (D:7)
  A hornet (D:8)
  A troll (D:9)
  Grinder (D:5)
  Sigmund (D:4)
  5 yaks
  A steam dragon (D:8)
  Edmund (D:6)
  An acid dragon (D:6)
  2 water moccasins
  2 orc warriors
  A black bear (D:7)
  2 ice beasts
  2 sky beasts
  An ogre (D:5)
  2 necrophages (D:4)
  5 kobold brigands
  2 bullfrogs
  2 scorpions (D:5)
  A wight (D:8)
  A killer bee (D:9)
  3 howler monkeys (D:7)
  5 hounds
  2 orc priests
  Ijyb (D:5)
  3 orc wizards
  3 iguanas
  6 adders
  A shadow imp (D:5)
  2 white imps (D:8)
  A worm (D:2)
  3 dart slugs
  18 orcs
  10 endoplasms
  7 giant cockroaches
  3 goblins
  19 hobgoblins
  2 jackals (D:4)
  27 kobolds
  5 quokkas
  5 ball pythons
  5 bats
  5 frilled lizards
  3 rats
175 creatures vanquished.

Vanquished Creatures (others)
  3 fungi (D:8)
  3 plants
6 creatures vanquished.

Grand Total: 181 creatures vanquished

Notes
Turn   | Place    | Note
-------+----------+-------------------------------------------
     0 | D:1      | brinewave the Naga Gladiator began the quest for the Orb.
     0 | D:1      | Reached XP level 1. HP: 19/19 MP: 1/1
   302 | D:1      | Reached XP level 2. HP: 22/26 MP: 2/2
   988 | D:2      | Reached XP level 3. HP: 32/32 MP: 3/3
  1817 | D:2      | Identified the +2 dagger of Superiority {distort, Drain rC+
                  | Dex+4}
  2297 | D:2      | Reached XP level 4. HP: 30/42 MP: 4/4
  3090 | D:3      | Reached XP level 5. HP: 50/50 MP: 5/5
  3629 | D:4      | Reached skill level 5 in Fighting
  3892 | D:4      | Found a shadowy altar of Dithmenos.
  3903 | D:4      | Reached XP level 6. HP: 58/61 MP: 6/6
  3981 | D:4      | Noticed Sigmund
  4024 | D:4      | Killed Sigmund
  4047 | D:4      | Reached XP level 7. HP: 39/70 MP: 7/7
  4754 | D:5      | Entered Level 5 of the Dungeon
  4927 | D:5      | Noticed Ijyb
  4963 | D:5      | Killed Ijyb
  5386 | D:5      | Noticed Grinder
  5389 | D:5      | Paralysed by Grinder for 4 turns
  5405 | D:5      | Paralysed by Grinder for 2 turns
  5410 | D:5      | Killed Grinder
  5411 | D:5      | Reached XP level 8. HP: 36/85 MP: 8/8
  5626 | D:5      | Found a staircase to the Ecumenical Temple.
  5679 | D:5      | Reached skill level 1 in Stealth
  5701 | Temple   | Entered the Ecumenical Temple
  5732 | Temple   | Became a worshipper of Cheibriados the Contemplative
  5843 | D:5      | Found an ornate altar of the Wu Jian Council.
  6308 | D:6      | Found an ancient bone altar of Kikubaaqudgha.
  6651 | D:6      | Reached skill level 5 in Long Blades
  6802 | D:6      | Reached skill level 5 in Stealth
  6982 | D:6      | Noticed Edmund
  6999 | D:6      | Killed Edmund
  7389 | D:6      | Reached XP level 9. HP: 65/92 MP: 9/9
  7674 | D:7      | Noticed Maggie
  7903 | D:7      | Killed Maggie
  8375 | D:7      | Reached * piety under Cheibriados
  8574 | D:7      | Found a blossoming altar of Fedhas.
  8632 | D:7      | Found a sacrificial altar of Ru.
  8659 | D:7      | Reached skill level 10 in Fighting
  9101 | D:8      | Identified the +1 robe "Bucvuxzeeg" {rN++ Str-3}
  9264 | D:8      | Found a stormy altar of Qazlal.
  9265 | D:8      | Found a sparkling altar of Nemelex Xobeh.
  9309 | D:8      | Reached ** piety under Cheibriados
  9401 | D:8      | Found a staircase to the Lair.
  9753 | D:8      | Noticed a hornet
  9763 | D:8      | Killed a hornet
  9764 | D:8      | Reached skill level 1 in Invocations
 10262 | D:8      | Reached XP level 10. HP: 99/103 MP: 11/11
 11112 | D:8      | Found a shimmering blue altar of Sif Muna.
 11721 | D:9      | Found Fun Wush's Overcharged Wands.
 11726 | D:8      | Identified 2 scrolls of acquirement
 11726 | D:8      | Acquired the +8 executioner's axe "Homewk" {drain, rElec
                  | rF+ Will+}
 11728 | D:8      | Acquired 1063 gold pieces
 11840 | D:8      | Reached skill level 1 in Axes
 11840 | D:8      | Reached skill level 10 in Stealth
 12132 | D:9      | Bought a wand of digging (11) for 450 gold pieces
 12411 | D:9      | HP: 4/103 [killer bee (5)]
 12412 | D:8      | Succumbed to a killer bee's poison

Illustrated notes

Levels and vault maps discovered:
D:1:      tarquinn_simple_flora_water_c, layout_basic
D:2:      layout_basic
D:3:      layout_basic
D:4:      layout_loops_ring, mainiacjoe_overflow_24_doors, serial_bayou_pond_d,
          sigmund_army, uniq_sigmund
D:5:      layout_loops_cross, nicolae_wu_jian_wuxing_cycle, temple_pool_b,
          hangedman_decor_peaks_small, roderic_lattice_a, uniq_ijyb,
          uniq_grinder
D:6:      layout_loops_cross, lemuel_doored_altar, uniq_edmund
D:7:      layout_basic, hangedman_ru_absence, kennysheep_mini,
          minmay_misc_feat_rows, uniq_maggie
D:8:      layout_basic, lemuel_blue_sif_altar, gammafunk_temple_overflow_pools,
          dpeg_oklobed_lair, kennysheep_generic_room_3
D:9:      layout_cave_pools, serial_column_ruins, column_ruins_square_huge,
          column_ruins_circle_medium, column_ruins_columns_corner,
          column_ruins_open_small_water, column_ruins_columns_straight,
          column_ruins_corridor_corner, column_ruins_columns_straight,
          nicolae_shop_overcharged_wands
Temple:   minmay_freezing_vapour_temple

Skill      XL: |  1  2  3  4  5  6  7  8  9 10 |
---------------+-------------------------------+-----
Long Blades    | 4 5 7 |  7.6
Fighting       | 3 4 5 6 9 10 | 10.8
Stealth        | 6 9 10 | 10.3
Invocations    | 1 3 |  3.3
Axes           | 2 |  2.0
Throwing       | |  1.7
Dodging        | |  2.4

Action                   |  1- 3 |  4- 6 |  7- 9 | 10-12 || total
-------------------------+-------+-------+-------+-------++-------
Melee: Long sword        |    49 |       |       |       ||    49
       Falchion          |    55 |   139 |   447 |   104 ||   745
       Punch             |     1 |     3 |     5 |       ||     9
Throw: Throwing net      |     3 |     1 |       |       ||     4
       Boomerang         |       |       |     4 |       ||     4
       Javelin           |       |       |     1 |       ||     1
Invok: Bend Time         |       |       |       |     2 ||     2
 Abil: Spit Poison       |     6 |    10 |    50 |    10 ||    76
  Use: Scroll            |     6 |     4 |     8 |     7 ||    25
       Potion            |     1 |       |       |     2 ||     3
 Stab: Sleeping          |     2 |       |       |       ||     2
Armor: Leather armour    |    49 |    91 |    91 |       ||   231
       Plate armour      |       |       |   233 |   145 ||   378
Dodge: Dodged            |    69 |    76 |   168 |    47 ||   360

Table legend: (Time is in decaauts)
 A = Elapsed time spent in this place.
 B = Non-inter-level travel time spent in this place.
 C = Inter-level travel time spent in this place.
 D = Time resting spent in this place.
 E = Time spent auto-exploring this place.
 F = Levels seen in this place.
 G = Mean time per level.
                   A        B        C        D        E       F      G
               +--------+--------+--------+--------+--------+-----+--------+
         Total |  16417 |  15928 |    489 |   3814 |   8398 |  10 | 1641.7 |
       Dungeon |  16365 |  15876 |    489 |   3814 |   8398 |   9 | 1818.3 |
        Temple |     51 |     51 |      0 |      0 |      0 |   1 |   51.0 |
               +--------+--------+--------+--------+--------+-----+--------+

Top non-repeatable levels by time:
     D:8: 4256 daAuts
     D:7: 2165 daAuts
     D:2: 2102 daAuts
     D:5: 1921 daAuts
     D:6: 1773 daAuts
     D:4: 1650 daAuts
     D:1: 1197 daAuts
     D:3: 892 daAuts
     D:9: 406 daAuts
  Temple: 51 daAuts
